 Dungeon Crawl Stone Soup version 0.30.1-11-g7821555f0a (webtiles) character file.

Game seed: 17563672986521345034

214 Nonny the Slasher (level 5, 0/42 HPs)
             Began as a Merfolk Monk on Dec 2, 2023.
             Was a Priest of Zin.
             Slain by an ufetubus (2 damage)
             ... on level 5 of the Dungeon.
             The game lasted 00:11:16 (3125 turns).

Nonny the Slasher (Merfolk Monk)                    Turns: 3125, Time: 00:11:17

Health: 0/42       AC:  2    Str: 12    XL:     5   Next: 92%
Magic:  5/5        EV: 15    Int:  9    God:    Zin [***...]
Gold:   73         SH:  0    Dex: 18    Spells: 4/4 levels left

rFire   . . .        a - +0 falchion
rCold   . . .        d - orb {light}
rNeg    . . .        b - +0 robe
rPois   .            (no helmet)
rElec   .            (no cloak)
rCorr   .            (no gloves)
SInv    .            (no boots)
Will    .....        e - amulet of the acrobat
Stlth   +            (no ring)
HPRegen 0.27/turn    (no ring)
MPRegen 0.09/turn

%: acrobat
@: glowing
A: (nimble swimmer 2), mertail
a: Renounce Religion, Recite, Vitalisation, Imprison, Donate Gold


You were on level 5 of the Dungeon.
You worshipped Zin.
Zin was most pleased with you.
You visited 2 branches of the dungeon, and saw 6 of its levels.

You collected 188 gold pieces.
You spent 97 gold pieces at shops.
You donated 18 gold pieces to Zin.

Inventory:

Hand Weapons
 a - a +0 falchion (weapon)
Missiles
 k - 33 stones (quivered)
 p - 14 poisoned darts
 r - 5 boomerangs
Armour
 b - a +0 robe (worn)
 d - an orb of light (worn)
Jewellery
 e - an amulet of the acrobat (around neck)
Wands
 t - a wand of flame (15)
Scrolls
 f - a scroll of brand weapon {unknown}
 h - 2 scrolls of poison {unknown}
 i - 2 scrolls of magic mapping
 m - a scroll of amnesia {unknown}
 q - a scroll of noise {unknown}
 s - a scroll of blinking {unknown}
 u - 2 scrolls of immolation
 v - a scroll of fear {unknown}
Potions
 c - a potion of ambrosia
 g - 2 potions of curing
 j - a potion of mutation
 l - a potion of invisibility
 n - a potion of cancellation {unknown}
 o - 2 potions of attraction {unknown}
 w - a potion of might {unknown}
 z - a potion of haste


   Skills:
 + Level 4.1 Fighting
 + Level 5.8 Long Blades
 - Level 0.2 Throwing
 + Level 5.1 Dodging
 * Level 2.6 Stealth


You had 4 spell levels left.
You didn't know any spells.
Your spell library contained the following spells:

 Spells                   Type           Power      Damage    Failure   Level
 Vhi's Electric Charge    Tloc/Air       0%         N/A       77%         3
 Arcjolt                  Conj/Air       0%         1d10      100%        5
 Plasma Beam              Fire/Air       0%         2x1d11    100%        6


Dungeon Overview and Level Annotations

Branches:
Dungeon (5/15)             Temple (1/1) D:4

Altars:
Ashenzari
Elyvilon
Fedhas
Gozag
Hepliaklqana
Kikubaaqudgha
Makhleb
Nemelex Xobeh
Okawaru
Qazlal
Sif Muna
Trog
Vehumet
Xom
Zin
The Shining One

Shops:
D:4 ?

Annotations:
D:3 3 runed translucent doors, middlethird's ghost, weakling VSTm


Innate Abilities, Weirdness & Mutations

((You are very nimble when in or above water. (Stealth+, EV+, Speed+++)))
Your lower body shifts to a powerful aquatic tail in water.


Message History

Okay, then.
You feel much better.
The iguana bites you but does no damage.
You hit the iguana.
The iguana is almost dead.
The iguana bites you!
You hit the iguana but do no damage.
The iguana is almost dead.
The iguana misses you.
You hit the iguana.
You kill the iguana!
The ufetubus completely misses you. The ufetubus barely misses you.
You hit the ufetubus but do no damage. The ufetubus completely misses you.
The ufetubus barely misses you.
You hit the ufetubus but do no damage. The ufetubus barely misses you. x4
You hit the ufetubus but do no damage. The ufetubus barely misses you.
The ufetubus closely misses you.
You barely miss the ufetubus. The ufetubus barely misses you.
The ufetubus hits you. The ufetubus barely misses you. The ufetubus hits you.
* * * LOW HITPOINT WARNING * * *
You hit the ufetubus.
The ufetubus is heavily wounded.
The ufetubus hits you.
* * * LOW HITPOINT WARNING * * *
The ufetubus barely misses you.
You hit the ufetubus.
The ufetubus is almost dead.
The ufetubus hits you.
* * * LOW HITPOINT WARNING * * *
The ufetubus hits you but does no damage.
The ufetubus hits you.
* * * LOW HITPOINT WARNING * * *
The ufetubus hits you.
* * * LOW HITPOINT WARNING * * *
You hit the ufetubus but do no damage.
The ufetubus is severely wounded.
The ufetubus hits you.
* * * LOW HITPOINT WARNING * * *
The ufetubus hits you.
You die...

### ##.##
###########.#.####
#..........###....
#.######.......###
#.# #.##..#.# #
#@# #.##.##.# #
#5# #....##.# #
##.## #.#####.# #
#######...### #.#
#.# #
........#...# #..
..# #
#######...#.# ###
# ##.##.# #.# #
...


You could see an ufetubus.

Vanquished Creatures
  A sleepcap (D:4)
  An iguana (D:5)
  An orc wizard (D:4)
  6 adders
  2 worms
  4 orcs
  4 bats
  4 endoplasms
  A giant cockroach (D:1)
  4 goblins
  7 hobgoblins
  9 kobolds
  8 quokkas
  5 ball pythons
  A frilled lizard (D:2)
  23 rats
81 creatures vanquished.

Notes
Turn   | Place    | Note
-------+----------+-------------------------------------------
     0 | D:1      | Nonny the Merfolk Monk began the quest for the Orb.
     0 | D:1      | Reached XP level 1. HP: 18/18 MP: 1/1
    88 | D:1      | Reached XP level 2. HP: 24/24 MP: 2/2
   108 | D:1      | amulet of acrobat in southeast
   673 | D:1      | Found a faded altar of an unknown god.
   728 | D:2      | Reached skill level 1 in Stealth
   974 | D:2      | Reached XP level 3. HP: 29/29 MP: 3/3
  1365 | D:3      | Found a radiant altar of Vehumet.
  1589 | D:3      | Reached XP level 4. HP: 34/37 MP: 4/4
  1691 | D:3      | Found a shimmering altar of Xom.
  1757 | D:3      | Rat vault.
  1918 | D:3      | Found a runed translucent gate.
  1919 | D:3      | Found a runed translucent gate.
  1919 | D:3      | Noticed middlethird's ghost (weakling VSTm)
  1920 | D:3      | Found a runed translucent gate.
  1923 | D:3      | Noticed a kobold brigand
  2352 | D:4      | Reached skill level 5 in Long Blades
  2364 | D:4      | Found a staircase to the Ecumenical Temple.
  2382 | Temple   | Entered the Ecumenical Temple
  2419 | Temple   | Became a worshipper of Zin the Law-Giver
  2419 | Temple   | Reached * piety under Zin
  2419 | Temple   | Reached ** piety under Zin
  2472 | Temple   | Temple: this is a level 4 gem or something in the Gemcraft
                  | games
  2472 | Temple   | Interestingly enough, there are two exits/entrances
  2523 | D:4      | Reached XP level 5. HP: 37/42 MP: 5/5
  2684 | D:4      | Reached skill level 5 in Dodging
  2753 | D:4      | Found Mola's Magic Scroll Shoppe.
  2763 | D:4      | Bought a scroll of magic mapping for 97 gold pieces
  2918 | D:4      | Reached *** piety under Zin
  3040 | D:5      | Entered Level 5 of the Dungeon
  3125 | D:5      | HP: 2/42 [ufetubus (2)]
  3125 | D:5      | Slain by an ufetubus

Illustrated notes ......##....# ............# .......#....# .......#....## .......#.....##### ......?..........# ............####.# .♣.♣....#...####.# ♣.♣...@##.......# ♣........####.# ♣...###.......# ♣#.. ######### #.# .. ### Turn 108 on D:1: amulet of acrobat in southeast

...........#
#.#.#.#.#.........
...........#
#.#.#.#.###.#...#.
#####..#####
#.#.#.#.#.......#.
......## .
#.#.#.#.#.#.#####.
......# ..###
#.#...............
#####.#
.r..##.################
#...##
#r.................†.
#.###
###rrrr≈≈≈≈≈...####..^
##.#
#..rr@≈≈≈≈≈##...##..^_
...#
##..≈≈≈#####.##..#..^^
#### #.≈≈≈≈#
#.##≈≈..'... .....≈≈≈≈#
..##≈≈≈..#...
###.≈≈≈≈≈#.###≈≈≈≈≈.#...
#.###### #≈≈≈≈≈≈≈.#...
... #≈≈≈≈≈≈≈.#... #.#
#≈≈≈≈≈≈≈..### #.
#####≈≈≈..#


Turn 1757 on D:3: Rat vault. ####### ####.....# ## ####........#
.#######........@..# ....#..............# .........._........#
..................## ...._.............# ..........≈≈......# ≈≈.....≈≈≈≈≈.._..##
≈≈≈≈≈≈≈≈≈≈≈......# ≈≈≈≈≈≈≈≈≈≈≈......# Turn 2472 on Temple: Temple: this is a
level 4 gem or something in the Gemcraft games

Levels and vault maps discovered:
D:1:      onia_arrival_mini_maze, layout_rooms, serial_forest,
          infiniplex_forest_straight_2, infiniplex_forest_lined_2,
          infiniplex_forest_straight_2, infiniplex_forest_straight_4,
          infiniplex_forest_clump_tiny, infiniplex_forest_clump_curved,
          shapermc_ecumenical_altar_mp_vishouse, serial_bayou_ford_a,
          st_stairs_4
D:2:      layout_basic
D:3:      layout_basic, xom_teletrap_fun, vehumet_altar_wand_db,
          serial_corexii_hall, corexii_hall_statues_l, corexii_hall_statues_i,
          gammafunk_ghost_nasty_kobolds, moated_statue, grunt_decor_junction,
          hangedman_decor_growths, minmay_rat_hole
D:4:      layout_cave_pools, minmay_temple_entry_junction_2, serial_shops, shop,
          kennysheep_doodads
D:5:      layout_loops_ring, uniq_grinder, uniq_eustachio
Temple:   nicolae_temple_superstar

Skill      XL: |  1  2  3  4  5 |
---------------+----------------+-----
Long Blades    | 4 5 |  5.8
Stealth        | 1 2 |  2.6
Fighting       | 4 |  4.1
Dodging        | 5 |  5.1
Throwing       | |  0.2

Action                     |  1- 3 |  4- 6 || total
---------------------------+-------+-------++-------
  Melee: Falchion          |   113 |   123 ||   236
         Tailslap          |       |     1 ||     1
  Throw: Dart              |     2 |       ||     2
         Boomerang         |     2 |       ||     2
         Stone             |     1 |       ||     1
    Use: Potion            |     2 |     1 ||     3
         Scroll            |       |     7 ||     7
 Armour: Robe              |    17 |     9 ||    26
  Dodge: Dodged            |    99 |   112 ||   211
